cohdb
Replays
Latest Replays
All Replays
Popular Replays
Top Player Replays
Match Explorer
How It Works
Community
CoH3 Stats
Reddit
Sign in to upload your games and track your stats! →
Sign in with Steam
Match 41916198
Unlisted
Match 41916198
Overview
Messages
Build Orders
End
Scout Squad
Construct Barracks
Riflemen Squad
Riflemen Squad
M1 Mortar Team
Riflemen Squad
Infantry Support Center
Construct Motor Pool
Selects Airborne Battlegroup
Selects Airborne Battlegroup
Selects Heavy Machine Gun Paradrop
Heavy Machine Gun Paradrop
Riflemen Squad
Selects Paratrooper Squad Paradrop
Heavy Machine Gun Paradrop
Heavy Machine Gun Paradrop
Selects Anti-tank Gun Team Paradrop
Heavy Machine Gun Paradrop
Construct Tank Depot
M4(105) Sherman Bulldozer
Heavy Machine Gun Paradrop
Construct Medical Station
Selects Recon Loiter
Recon Loiter
XuZhongwei
jpsblue
0
0
Comments
sign in to comment!
No comments posted yet!